 Dungeon Crawl Stone Soup version 0.28-a0-79-g444c7a33f5 (webtiles) character file.

Game seed: 11426252658803524206

20 SolCadguy the Magician (level 2, 0/20 HPs)
             Began as a Palentonga Hedge Wizard on Aug 3, 2021.
             Slain by an adder (3 damage)
             ... on level 2 of the Dungeon.
             The game lasted 00:02:26 (1471 turns).

SolCadguy the Magician (Palentonga Hedge Wizard)    Turns: 1471, Time: 00:02:27

Health: 0/20       AC:  4    Str: 13    XL:     2   Next: 58%
Magic:  0/6        EV:  9    Int: 14    God:
Gold:   22         SH:  0    Dex:  9    Spells: 4/7 levels left

rFire   . . .      SeeInvis +   a - +0 dagger
rCold   . . .      Faith    .   (no shield)
rNeg    . . .      Spirit   .   b - +0 robe
rPois   .          Reflect  .   c - +0 hat
rElec   .          Harm     .   (no cloak)
rCorr   .          Rampage  .   (no gloves)
Will    .....                   (no barding)
Stlth   +.........              (no amulet)
HPRegen 0.06/turn               (no ring)
MPRegen 0.10/turn               (no ring)

@: lethally poisoned (0 -> -4), unable to read, very slightly contaminated
A: large, rugged brown scales 3, see invisible, deformed body, roll 1, armoured
tail, inability to read while threatened
a: Rolling Charge


You were on level 2 of the Dungeon.
You visited 1 branch of the dungeon, and saw 2 of its levels.

You collected 22 gold pieces.

Inventory:

Hand Weapons
 a - a +0 dagger (weapon)
 i - a +0 whip
 j - a +0 short sword
Missiles
 e - 9 poisoned darts
 g - 6 javelins
Armour
 b - a +0 robe (worn)
 c - a +0 hat (worn)
Jewellery
 f - a ring of protection from cold
 l - a +4 ring of protection
Scrolls
 h - a scroll of fear {unknown}
 m - a scroll of identify {unknown}
Potions
 k - a potion of might {unknown}


   Skills:
 - Level 1.5 Dodging
 - Level 1.2 Stealth
 - Level 3.0 Spellcasting
 - Level 0.8 Conjurations
 - Level 0.7 Summonings
 + Level 2.6 Translocations


You had 4 spell levels left.
You knew the following spells:

 Your Spells              Type           Power      Damage    Failure   Level
a - Magic Dart            Conj           16%        1d3       16%         1
b - Blink                 Tloc           N/A        N/A       11%         2

Your spell library contained the following spells:

 Spells                   Type           Power      Damage    Failure   Level
 Call Imp                 Summ           4%         N/A       24%         2
 Slow                     Hex            2%         N/A       32%         2
 Conjure Flame            Conj/Fire      3%         6-21      47%         3
 Mephitic Cloud           Conj/Pois/Air  2%         N/A       50%         3


Dungeon Overview and Level Annotations

Branches:
Dungeon (2/15)

Altars:


Innate Abilities, Weirdness & Mutations

You are completely covered in rugged brown scales. (AC +3, +7% HP)
You have supernaturally acute eyesight. (SInv)
Armour fits poorly on your strangely shaped body.
You can roll at nearby foes to attack.
You have a long armoured tail.
You sometimes lose the ability to read scrolls when taking damage.


Message History

You closely miss the adder. The adder barely misses you. The adder bites you.
You are poisoned.
The adder poisons you!
Unknown command.
You feel sick. The adder bites you but does no damage.
You feel sick.
Casting: Blink (safe; 11% risk of failure)
Confirm with . or Enter, or press ? or * to list all spells.
Aiming: Magic Dart (safe; 16% risk of failure)
Press: ? - help, Shift-Dir - straight line, f/p - adder
Aim: an adder (100% to hit)
The magic dart hits the adder but does no damage.
You feel sick.
The adder bites you but does no damage. x2
Casting: Magic Dart (safe; 16% risk of failure)
Confirm with . or Enter, or press ? or * to list all spells.
Aiming: Magic Dart (safe; 16% risk of failure)
Press: ? - help, Shift-Dir - straight line, f/p - adder
Aim: an adder (100% to hit)
The magic dart hits the adder.
The adder is lightly wounded.
You feel sick. The adder bites you.
You are more poisoned.
The adder poisons you!
Casting: Magic Dart (safe; 16% risk of failure)
Confirm with . or Enter, or press ? or * to list all spells.
Aiming: Magic Dart (safe; 16% risk of failure)
Press: ? - help, Shift-Dir - straight line, f/p - adder
Aim: an adder (100% to hit)
You miscast Magic Dart.
You are very lightly contaminated with residual magic.
Nothing appears to happen.
* * * LOW HITPOINT WARNING * * *
You feel sick. The adder bites you.
* * * LOW HITPOINT WARNING * * *
It was a potion of mutation.
You feel extremely strange.
You lose the ability to read scrolls when threatened.
* * * LOW HITPOINT WARNING * * *
You feel sick. The adder bites you.
You feel threatened and lose the ability to read scrolls!
You die...

### .. ##### ### #.
#... ..#
#.####.###.#####.#
..........g..!...# ##
..####.###S##.##.##.#
#. #@##.##.#.# ## ..
#........###.# ...
#.#####.#.#.# .###
#.# #.##..# .. #..
..###.# .. ### ####
#.# #.# ##.## ##...#


You could see a gnoll and an adder.

Vanquished Creatures
  2 dart slugs (D:1)
  A bat (D:1)
  2 endoplasms (D:1)
  2 hobgoblins
  2 quokkas (D:1)
  2 ball pythons (D:1)
  2 kobolds (D:1)
  2 rats (D:1)
15 creatures vanquished.

Vanquished Creatures (others)
  12 demonic plants (D:1)
  4 fungi (D:1)
  3 plants (D:1)
  A withered plant (D:1)
20 creatures vanquished.

Grand Total: 35 creatures vanquished

Notes
Turn   | Place    | Note
-------+----------+-------------------------------------------
     0 | D:1      | SolCadguy the Palentonga Hedge Wizard began the quest for
                  | the Orb.
     0 | D:1      | Reached XP level 1. HP: 13/13 MP: 4/4
   108 | D:1      | Found a faded altar of an unknown god.
   457 | D:1      | Reached XP level 2. HP: 20/20 MP: 4/6
   514 | D:1      | Learned a level 2 spell: Blink
  1471 | D:2      | Gained mutation: You sometimes lose the ability to read
                  | scrolls when taking damage. [potion of mutation]
  1471 | D:2      | Slain by an adder

Illustrated notes

Levels and vault maps discovered:
D:1:      dpeg_arrival_simpleton_c, layout_basic, shapermc_ecumenical_altar_gd
D:2:      minmay_alternating_diamond, layout_loops_cross, nrook_mini_backslash

Skill      XL: |  1 |
---------------+----+-----
Translocations | 2 |  2.6
Dodging        | |  1.5
Stealth        | |  1.2
Spellcasting   | |  3.0
Conjurations   | |  0.8
Summonings     | |  0.7

Action                   || total
-------------------------++-------
Melee: Dagger            ||    42
       Tailslap          ||     8
 Cast: Magic Dart        ||    13
       Blink             ||     2
 Abil: Rolling Charge    ||    15
  Use: Potion            ||     1
Armor: Robe              ||    11
Dodge: Dodged            ||    18

Table legend: (Time is in decaauts)
 A = Elapsed time spent in this place.
 B = Non-inter-level travel time spent in this place.
 C = Inter-level travel time spent in this place.
 D = Time resting spent in this place.
 E = Time spent auto-exploring this place.
 F = Levels seen in this place.
 G = Mean time per level.
                   A        B        C        D        E       F      G
               +--------+--------+--------+--------+--------+-----+--------+
         Total |   1470 |   1446 |     24 |    250 |   1066 |   2 |  735.0 |
       Dungeon |   1470 |   1446 |     24 |    250 |   1066 |   2 |  735.0 |
               +--------+--------+--------+--------+--------+-----+--------+

Top non-repeatable levels by time:
     D:1: 1424 daAuts
     D:2: 46 daAuts
